[Event "Wednesday Jan 17th Engine Tour 9Rd Swiss 12m+1s Starts at 1600hrs ST"]
[Site "Infinity Chess"]
[Date "2018.1.17"]
[Round "5"]
[White "ivrdurant"]
[Black "CrapCleaner"]
[Result "1/2-1/2"]
[ECO "C55"]
[WhiteElo "2398"]
[BlackElo "2411"]
[WhiteEngine "Raubfisch X37b3._CTG"]
[BlackEngine "Raubfisch ME262_GTZ16b3._CTG"]
[EventType "Swiss"]
[WhiteTeam ""]
[BlackTeam ""]
[PlyCount "132"]
[TimeControl "720+1"]

1. e4 e5 2. Nf3 Nc6 3. Bc4 Nf6 4. d3 Bc5 5. c3 d6 6. O-O O-O 7. Nbd2 a5 
8. Re1 Ba7 9. h3 h6 10. Nf1 Be6 11. Bb5 Ne7 12. d4 exd4 13. Nxd4 c6 14. Bd3 Ng6 
15. Ng3 Bd7 16. Ndf5 Bxf5 17. Nxf5 Re8 18. Be3 Bxe3 19. Rxe3 d5 20. exd5 Qxd5 
21. Bc2 Nf4 22. Qxd5 N4xd5 23. Rxe8+ Rxe8 24. Kf1 Kf8 25. Rd1 Re6 26. a4 Ne8 
27. g3 h5 28. Rd2 Rf6 29. Kg2 g6 30. Nd4 Nd6 31. Re2 Nc4 32. Bb3 Ndb6 
33. Bxc4 Nxc4 34. b3 Na3 35. Nf3 Nb1 36. Re5 Nxc3 37. Rxa5 Re6 38. Ra7 Re7 
39. Nd2 Kg7 40. Nc4 Ne4 41. Na5 Re5 42. f3 Nc5 43. b4 Nxa4 44. Rxb7 Re2+ 
45. Kf1 Rc2 46. Rc7 Rc3 47. Ke2 c5 48. bxc5 Nxc5 49. Rc6 g5 50. Nb7 Ne4 
51. Rxc3 Nxc3+ 52. Kd3 Nd1 53. Ke2 Nc3+ 54. Kd3 Nd5 55. Ke4 Ne7 56. Ke5 Kg6 
57. Nd6 Nc6+ 58. Kd5 Nb4+ 59. Ke4 Kf6 60. h4 gxh4 61. gxh4 Na6 62. Kd5 Nb4+ 
63. Kc5 Ke6 64. Ne8 Nc2 65. Ng7+ Ke5 66. Nxh5 Ne1 1/2-1/2

[Event "Wednesday Jan 17th Engine Tour 9Rd Swiss 12m+1s Starts at 1600hrs ST"]
[Site "Infinity Chess"]
[Date "2018.1.17"]
[Round "5"]
[White "OlivierEvan"]
[Black "Satria_Ungu"]
[Result "1/2-1/2 "]
[ECO "A22"]
[WhiteElo "2407"]
[BlackElo "2363"]
[WhiteEngine "Houdini 6"]
[BlackEngine "Houdini 6_CTG"]
[EventType "Swiss"]
[WhiteTeam ""]
[BlackTeam ""]
[PlyCount "227"]
[TimeControl "720+1"]

1. c4 e5 2. Nc3 Nf6 3. Nf3 Nc6 4. g3 h6 5. Bg2 Bb4 6. Nd5 Ba5 7. b4 Nxb4 
8. Nxe5 O-O 9. Nxb4 Bxb4 10. O-O Ba5 11. Bb2 c6 12. d3 d6 13. Nf3 Bd7 
14. Nd4 Rc8 15. Nb3 Bc7 16. a4 Rb8 17. e4 Re8 18. Qd2 Be6 19. Qc2 Bd7 20. Bc3 c5 
21. Rfe1 b6 22. d4 a6 23. d5 b5 24. axb5 axb5 25. cxb5 Bxb5 26. Nd2 h5 
27. Bf1 Bxf1 28. Kxf1 Qe7 29. Qa4 Nd7 30. Qd1 g6 31. e5 dxe5 32. d6 Qxd6 
33. Ne4 Qxd1 34. Rexd1 Nb6 35. Nf6+ Kf8 36. Nxe8 Rxe8 37. Ra7 Bd8 38. Ke2 Be7 
39. Ra6 Nc4 40. Rd7 Rb8 41. Rc6 Nb6 42. Bxe5 Nxd7 43. Bxb8 Nxb8 44. Rc8+ Kg7 
45. Rxb8 Bf6 46. f4 Bd4 47. Rb6 f5 48. Kf3 Bc3 49. Rc6 Bd4 50. Rc7+ Kf6 
51. h3 Ke6 52. Rc6+ Kf7 53. Rc8 Ke6 54. Re8+ Kf6 55. Rg8 Kf7 56. Rd8 Kg7 
57. Ke2 Kf7 58. Ra8 Kg7 59. Ra7+ Kf6 60. Rd7 Ke6 61. Rb7 Bf6 62. Rb6+ Kf7 
63. Rb5 Bd4 64. Rb7+ Ke6 65. Rc7 Bg1 66. Rh7 Bd4 67. Kf1 Bf6 68. Kf2 Bd4+ 
69. Kg2 Kd5 70. Kf1 Ke6 71. Ra7 Bb2 72. Rc7 Bd4 73. Rc6+ Kf7 74. Ke2 Kg7 
75. Re6 Bf6 76. Rd6 Kf7 77. Rc6 Bd4 78. Ra6 Bf6 79. Ra5 Bd4 80. Kf3 Ke6 
81. Ra6+ Kf7 82. Kg2 Kg7 83. Rc6 Be3 84. Kf1 Kf7 85. Rc8 Kf6 86. Ke2 Bd4 
87. Rc7 Ke6 88. Kf3 Kf6 89. Ra7 Ke6 90. Ra2 Ke7 91. Kg2 Kf7 92. Ra8 Bb2 
93. Rd8 Ke6 94. Rb8 Bg7 95. Rb6+ Kf7 96. Rb7+ Kf8 97. Kf3 Bf6 98. Rc7 Bd4 
99. g4 hxg4+ 100. hxg4 fxg4+ 101. Kxg4 Bf6 102. Kf3 Be7 103. Rc6 Kf7 104. Ke4 c4 
105. Rxc4 Bf6 106. Rc7+ Ke6 107. Rc6+ Kf7 108. Ra6 Bb2 109. Ra2 Bc3 
110. Ra7+ Ke6 111. Ra6+ Kf7 112. Kd3 Be1 113. Ra7+ Ke6 114. Ke2 1/2-1/2

[Event "Wednesday Jan 17th Engine Tour 9Rd Swiss 12m+1s Starts at 1600hrs ST"]
[Site "Infinity Chess"]
[Date "2018.1.17"]
[Round "5"]
[White "avilllaa"]
[Black "angriff"]
[Result "1/2-1/2"]
[ECO "A40"]
[WhiteElo "2455"]
[BlackElo "2486"]
[WhiteEngine "Cryptic AIL V1"]
[BlackEngine "Raubfisch ME262_GTZ16b2_CTG"]
[EventType "Swiss"]
[WhiteTeam ""]
[BlackTeam ""]
[PlyCount "111"]
[TimeControl "720+1"]

1. d4 c6 2. e4 d5 3. exd5 cxd5 4. Nf3 Nf6 5. Bd3 Bg4 6. h3 Bh5 7. Bf4 Nc6 
8. c3 e6 9. Nbd2 Bd6 10. Bxd6 Qxd6 11. O-O O-O 12. Re1 Ne7 13. Nb3 Rac8 
14. Qe2 Qc7 15. Nc5 Bg6 16. Bxg6 Nxg6 17. g3 Rfe8 18. Nd3 Ne4 19. Kg2 Ne7 
20. Rac1 Nf5 21. Nf4 Nfd6 22. Ne5 Qd8 23. h4 Qc7 24. Qg4 Qd8 25. Rcd1 b5 
26. Ned3 a5 27. a3 g6 28. Re2 Nf5 29. Ree1 Qf6 30. Re2 Kh8 31. Nh3 h6 
32. Qf3 Kg7 33. Ne5 Nfd6 34. Qxf6+ Nxf6 35. Nd3 Nf5 36. Ng1 a4 37. Nf3 Nd6 
38. Nfe5 h5 39. Rh1 Rh8 40. Nf4 Ra8 41. Rd1 Rhc8 42. Ned3 Nd7 43. Rh1 Nc4 
44. Rhe1 Nf6 45. Nc5 Rh8 46. Nfd3 Nd6 47. f3 Rhc8 48. Nf4 Rcb8 49. Nfd3 Nc4 
50. Kf2 Nd6 51. Nf4 Nf5 52. Re5 Nd6 53. Nfd3 Nc4 54. R5e2 Nd6 55. Re5 Nc4 
56. R5e2 1/2-1/2

[Event "Wednesday Jan 17th Engine Tour 9Rd Swiss 12m+1s Starts at 1600hrs ST"]
[Site "Infinity Chess"]
[Date "2018.1.17"]
[Round "5"]
[White "Cepri"]
[Black "ocirema"]
[Result "1/2-1/2"]
[ECO "D30"]
[WhiteElo "2443"]
[BlackElo "2420"]
[WhiteEngine "asmFishW_12J18Mb_CTG"]
[BlackEngine "stockfish_18011309_x64_modern_CTG"]
[EventType "Swiss"]
[WhiteTeam ""]
[BlackTeam ""]
[PlyCount "86"]
[TimeControl "720+1"]

1. d4 d5 2. c4 e6 3. Nf3 Nf6 4. Nc3 c6 5. Bg5 h6 6. Bh4 dxc4 7. e4 g5 8. Bg3 b5 
9. Be2 Bb7 10. h4 g4 11. Ne5 Nbd7 12. Nxd7 Qxd7 13. Be5 Qe7 14. b3 Rg8 
15. O-O Rd8 16. Qc2 Nh5 17. bxc4 b4 18. Na4 Qxh4 19. g3 Qg5 20. c5 Bg7 
21. Bxg7 Qxg7 22. Rfd1 Rxd4 23. a3 Nxg3 24. fxg3 Qe5 25. Bf1 Rxd1 26. Rxd1 Qxg3+ 
27. Qg2 Qxg2+ 28. Kxg2 bxa3 29. Ra1 Rg5 30. Rxa3 Kd8 31. Kg3 h5 32. Kh4 f6 
33. Nb2 Rxc5 34. Nc4 Kc7 35. Rxa7 Rb5 36. Nd6 Rb1 37. Rxb7+ Rxb7 38. Nxb7 Kxb7 
39. Kxh5 f5 40. exf5 exf5 41. Kg6 f4 42. Kf5 f3 43. Kxg4 f2 1/2-1/2

[Event "Wednesday Jan 17th Engine Tour 9Rd Swiss 12m+1s Starts at 1600hrs ST"]
[Site "Infinity Chess"]
[Date "2018.1.17"]
[Round "5"]
[White "marudam"]
[Black "RonWeasley"]
[Result "1/2-1/2"]
[ECO "C11"]
[WhiteElo "2445"]
[BlackElo "2454"]
[WhiteEngine "stockfish291217_CTG"]
[BlackEngine "BrainFish 130117_CTG"]
[EventType "Swiss"]
[WhiteTeam ""]
[BlackTeam ""]
[PlyCount "26"]
[TimeControl "720+1"]

1. e4 e6 2. d4 d5 3. Nc3 Nf6 4. e5 Nfd7 5. f4 c5 6. Nf3 Nc6 7. Be3 cxd4 
8. Nxd4 Qb6 9. a3 Bc5 10. Na4 Qa5+ 11. Nc3 Qb6 12. Na4 Qa5+ 13. Nc3 Qb6 1/2-1/2

[Event "Wednesday Jan 17th Engine Tour 9Rd Swiss 12m+1s Starts at 1600hrs ST"]
[Site "Infinity Chess"]
[Date "2018.1.17"]
[Round "5"]
[White "KhalidOmar"]
[Black "incredible"]
[Result "1/2-1/2"]
[ECO "B28"]
[WhiteElo "2458"]
[BlackElo "2450"]
[WhiteEngine "Eman 1.62 64-bit BMI2"]
[BlackEngine "Stockfish_x64_bmi2"]
[EventType "Swiss"]
[WhiteTeam ""]
[BlackTeam ""]
[PlyCount "140"]
[TimeControl "720+1"]

1. e4 c5 2. Nf3 a6 3. c4 e6 4. Nc3 Nc6 5. d4 cxd4 6. Nxd4 Bb4 7. Be2 Nf6 
8. Nxc6 bxc6 9. O-O d6 10. Qd3 O-O 11. Bg5 e5 12. Na4 h6 13. Bh4 Qe7 14. a3 Ba5 
15. c5 Rd8 16. Qc2 g5 17. Bg3 d5 18. exd5 Nxd5 19. Rad1 Bd7 20. Bc4 Bg4 
21. f3 Bh5 22. Bf2 Bg6 23. Qc1 Nf4 24. Nb6 Bd3 25. Bxd3 Nxd3 26. Rxd3 Bxb6 
27. Rfd1 Rxd3 28. Rxd3 Bc7 29. Qc4 a5 30. g4 Rf8 31. Kg2 Re8 32. Qe4 Qe6 
33. Be1 Kf8 34. Bd2 Rd8 35. Rxd8+ Bxd8 36. Be1 Ke8 37. Bg3 Bf6 38. Be1 Bd8 
39. b3 Kd7 40. Qd3+ Qd5 41. Qf5+ Ke7 42. b4 a4 43. Qe4 Qe6 44. Qd3 Bc7 
45. h3 Kf8 46. Bf2 Kg8 47. Qe2 Kf8 48. Qc2 Qd5 49. Qe4 Qd7 50. h4 Qe6 51. h5 Bd8 
52. Qc2 Qb3 53. Qh7 Qe6 54. Kh2 Bf6 55. Kg2 Bd8 56. Qh8+ Ke7 57. Bg3 Bc7 
58. Qh7 Qa2+ 59. Bf2 Qe6 60. Be1 Qa2+ 61. Bf2 Qe6 62. Qc2 Qb3 63. Qe4 Kd7 
64. Qf5+ Qe6 65. Qd3+ Ke7 66. Kf1 Qb3 67. Ke2 Qb2+ 68. Kf1 Qb3 69. Ke2 Qb2+ 
70. Kf1 Qb3 1/2-1/2

[Event "Wednesday Jan 17th Engine Tour 9Rd Swiss 12m+1s Starts at 1600hrs ST"]
[Site "Infinity Chess"]
[Date "2018.1.17"]
[Round "5"]
[White "Thinker"]
[Black "Ninja_Bp"]
[Result "1/2-1/2"]
[ECO "C55"]
[WhiteElo "2448"]
[BlackElo "2460"]
[WhiteEngine "BrainFish_180113_x64_modern_CTG"]
[BlackEngine "Houdini 6"]
[EventType "Swiss"]
[WhiteTeam ""]
[BlackTeam ""]
[PlyCount "108"]
[TimeControl "720+1"]

1. e4 e5 2. Nf3 Nc6 3. Bc4 Nf6 4. d3 Bc5 5. c3 d6 6. O-O h6 7. h3 O-O 8. Re1 a5 
9. Nbd2 Be6 10. b3 Rb8 11. Bb5 Na7 12. Bc4 Nc6 13. a4 d5 14. exd5 Nxd5 
15. Qc2 Re8 16. Ne4 Bf8 17. Bd2 f5 18. Ng3 Qf6 19. Nxe5 Nxe5 20. Nh5 Nf3+ 
21. Kh1 Qh4 22. Rxe6 c6 23. Rxe8 Rxe8 24. Ng3 Bd6 25. Rf1 g6 26. Qd1 Nxd2 
27. Qxd2 Bf4 28. Qd1 Bxg3 29. fxg3 Qxg3 30. Bxd5+ cxd5 31. b4 axb4 32. cxb4 Re3 
33. Qc1 Re7 34. Qc3 Kf7 35. b5 f4 36. Qd2 g5 37. a5 Re6 38. Kg1 d4 39. Ra1 Qe3+ 
40. Qxe3 dxe3 41. Kf1 Re8 42. a6 bxa6 43. bxa6 Ke6 44. a7 Ra8 45. Ke2 Kd6 
46. Kf3 Kc6 47. g3 fxg3 48. Kxg3 Kb7 49. Kf3 Rxa7 50. Rxa7+ Kxa7 51. Kxe3 Kb6 
52. Ke4 h5 53. Kf5 g4 54. hxg4 hxg4 1/2-1/2

[Event "Wednesday Jan 17th Engine Tour 9Rd Swiss 12m+1s Starts at 1600hrs ST"]
[Site "Infinity Chess"]
[Date "2018.1.17"]
[Round "5"]
[White "SkyPilot"]
[Black "Harry_Potter"]
[Result "1/2-1/2"]
[ECO "C53"]
[WhiteElo "2470"]
[BlackElo "2464"]
[WhiteEngine "stockfish_x64_bmi2_2018_01_13_CTG"]
[BlackEngine "Stockfish_18011309_x64_bmi2_CTG"]
[EventType "Swiss"]
[WhiteTeam ""]
[BlackTeam ""]
[PlyCount "93"]
[TimeControl "720+1"]

1. e4 e5 2. Nf3 Nc6 3. Bc4 Bc5 4. c3 Nf6 5. d3 d6 6. O-O a5 7. Re1 O-O 8. h3 h6 
9. Nbd2 Be6 10. Bb5 Qb8 11. Nf1 Qa7 12. Re2 a4 13. Ng3 Qa5 14. Bxc6 bxc6 
15. Nh4 Rfe8 16. Re1 d5 17. exd5 cxd5 18. Rxe5 Bf8 19. Qc2 c5 20. Bd2 Nd7 
21. Re2 c4 22. d4 a3 23. bxa3 Qxa3 24. Nf3 Reb8 25. Be3 Qa4 26. Qd2 Rb6 
27. Bf4 Qa3 28. Ne5 Nf6 29. Rae1 Rba6 30. Ng6 fxg6 31. Rxe6 Rxe6 32. Rxe6 Qxa2 
33. Bxh6 Qxd2 34. Bxd2 Kf7 35. Re1 Bd6 36. Ne2 Ne4 37. Be3 Ra3 38. Rb1 Rb3 
39. Ra1 Ke6 40. Kf1 Nxc3 41. Nxc3 Rxc3 42. Ra7 Be7 43. Ra6+ Kf7 44. Ra5 Ke6 
45. Ra6+ Kf7 46. Ra5 Ke6 47. Ra6+ 1/2-1/2

[Event "Wednesday Jan 17th Engine Tour 9Rd Swiss 12m+1s Starts at 1600hrs ST"]
[Site "Infinity Chess"]
[Date "2018.1.17"]
[Round "5"]
[White "Eman"]
[Black "Marsell"]
[Result "1/2-1/2"]
[ECO "D30"]
[WhiteElo "2470"]
[BlackElo "2475"]
[WhiteEngine "Eman 1.62 64-bit POPCNT"]
[BlackEngine "asmFishW_2018-01-11_popcnt"]
[EventType "Swiss"]
[WhiteTeam ""]
[BlackTeam ""]
[PlyCount "141"]
[TimeControl "720+1"]

1. d4 d5 2. c4 e6 3. Nf3 Nf6 4. Nc3 c6 5. Bg5 h6 6. Bxf6 Qxf6 7. e3 Nd7 
8. Bd3 dxc4 9. Bxc4 g6 10. O-O Bg7 11. e4 e5 12. Re1 O-O 13. d5 Rd8 14. a3 Nb6 
15. Bb3 Bg4 16. Re3 Qe7 17. Rc1 cxd5 18. Nxd5 Nxd5 19. Bxd5 Rac8 20. Rxc8 Rxc8 
21. h3 Be6 22. Rd3 a6 23. Qd2 Bxd5 24. Rxd5 Qc7 25. g4 Bf6 26. Qxh6 Qc2 
27. Rd6 Rc6 28. Rxc6 bxc6 29. Qe3 Qxb2 30. Kg2 Bd8 31. a4 Bb6 32. Qd2 Qxd2 
33. Nxd2 g5 34. Kg3 Kg7 35. Nc4 Bd8 36. Kg2 f6 37. Kf3 Kf7 38. Nd6+ Ke6 
39. Nc4 Kf7 40. Kg3 Kg7 41. Nd6 Bb6 42. Kf3 Kf8 43. Ke2 Bd8 44. Nc4 Bc7 
45. f3 Ke7 46. Ke3 Bd8 47. Kd3 Ke6 48. Kc3 Kd7 49. Kd3 Ke6 50. Ne3 Ke7 
51. Nf5+ Kd7 52. h4 gxh4 53. Nxh4 Bb6 54. Nf5 Ke6 55. Ke2 Kf7 56. Nd6+ Kg6 
57. Kd3 Kg5 58. Ne8 Kg6 59. Nd6 Bc5 60. Nc4 Bb4 61. Ne3 a5 62. Nc4 Kg5 
63. Ke3 Kg6 64. f4 exf4+ 65. Kxf4 Bc3 66. e5 Bxe5+ 67. Nxe5+ fxe5+ 68. Kxe5 Kg5 
69. Kd6 Kxg4 70. Kxc6 Kf5 71. Kb5 1/2-1/2

[Event "Wednesday Jan 17th Engine Tour 9Rd Swiss 12m+1s Starts at 1600hrs ST"]
[Site "Infinity Chess"]
[Date "2018.1.17"]
[Round "5"]
[White "Dovahkiin"]
[Black "Gilgamesch"]
[Result "1/2-1/2 "]
[ECO ""]
[WhiteElo "2406"]
[BlackElo "2486"]
[WhiteEngine "BrainFish_180113_x64_modern_CTG"]
[BlackEngine "BrainFish_171005_x64_bmi2"]
[EventType "Swiss"]
[WhiteTeam ""]
[BlackTeam ""]
[PlyCount "203"]
[TimeControl "720+1"]

1. e3 Nf6 2. d3 c5 3. d4 g6 4. Nf3 Bg7 5. Be2 d5 6. O-O O-O 7. dxc5 Ne4 
8. Nc3 Bxc3 9. bxc3 Nxc3 10. Qe1 Nxe2+ 11. Qxe2 Qc7 12. c4 Qxc5 13. cxd5 Qxd5 
14. e4 Qh5 15. Rb1 b6 16. Qe3 Qc5 17. Qxc5 bxc5 18. Ba3 Na6 19. Rb5 Rd8 
20. h3 Be6 21. Ra5 Rd6 22. Bc1 Bc4 23. Re1 Nb4 24. Bf4 Re6 25. Rc1 Rxe4 
26. Be3 Nxa2 27. Ra1 Bd5 28. Bxc5 Nc3 29. Rxa7 Rxa7 30. Rxa7 Kf8 31. Kh2 f6 
32. Nd4 Bf7 33. f3 Re5 34. Bb4 Nd5 35. Bd2 Be8 36. Rb7 h5 37. h4 Ba4 38. Kg3 Ne3 
39. Bb4 Nc2 40. Nxc2 Bxc2 41. Kf4 Ke8 42. Ba3 Bd3 43. Rb8+ Kf7 44. Rb7 Bf1 
45. g4 Bc4 46. Rc7 Bd5 47. Bc5 Ke8 48. g5 Kd8 49. Ra7 Ke8 50. Bb4 Rf5+ 
51. Ke3 Rxf3+ 52. Ke2 Rb3 53. Bxe7 f5 54. Bc5 Bb7 55. Ra4 Rc3 56. Bd6 Rh3 
57. Kf2 Rd3 58. Be5 Ke7 59. Rd4 Rxd4 60. Bxd4 f4 61. Be5 f3 62. Bf6+ Ke6 
63. Kg3 Kf5 64. Bd4 Bd5 65. Bb6 Ke4 66. Ba7 Ba2 67. Bb6 Bc4 68. Ba7 Bd5 
69. Bc5 Ba8 70. Bb6 Bd5 71. Bc5 Bc6 72. Bb6 Ba8 73. Bc5 Bc6 74. Ba7 Bd7 
75. Bb6 Bc6 76. Bc5 Bb5 77. Bf2 Bd3 78. Bg1 Bc4 79. Bf2 Bf7 80. Bg1 Bc4 
81. Bc5 Bf7 82. Bg1 Be6 83. Bf2 Bb3 84. Bc5 Ba4 85. Bb6 Bb5 86. Ba7 Ba4 
87. Bb6 Bb5 88. Ba7 Bc4 89. Bb6 Ba2 90. Bg1 Be6 91. Bf2 Bc8 92. Bg1 Bf5 
93. Bb6 Bd7 94. Bg1 Bf5 95. Ba7 Bc8 96. Bg1 Bb7 97. Ba7 Kd3 98. Kf2 Bc6 
99. Bb6 Be4 100. Bc5 Bd5 101. Bb6 Bc6 102. Ba7 1/2-1/2

[Event "Wednesday Jan 17th Engine Tour 9Rd Swiss 12m+1s Starts at 1600hrs ST"]
[Site "Infinity Chess"]
[Date "2018.1.17"]
[Round "5"]
[White "hafaba"]
[Black "BraveDevil"]
[Result "1-0"]
[ECO "A05"]
[WhiteElo "2466"]
[BlackElo "2382"]
[WhiteEngine "Stockfish SL 07012018 POPCNT_CTG"]
[BlackEngine "Cryptic AIL V1"]
[EventType "Swiss"]
[WhiteTeam ""]
[BlackTeam ""]
[PlyCount "205"]
[TimeControl "720+1"]

1. Nf3 Nf6 2. d4 d5 3. c4 e6 4. Nc3 c6 5. e3 Nbd7 6. h3 Be7 7. cxd5 cxd5 
8. Bd3 O-O 9. O-O a6 10. a3 b6 11. b4 Bb7 12. b5 Ne4 13. Bb2 Bd6 14. Qb3 a5 
15. a4 Qe7 16. Rfc1 Rfc8 17. Qd1 f6 18. Ne2 Rab8 19. Rc2 Rxc2 20. Bxc2 Rc8 
21. Rc1 g6 22. Bd3 Rxc1 23. Qxc1 g5 24. Nc3 Bb8 25. Ba3 Qd8 26. Qc2 f5 
27. Ne2 Qf6 28. Qc1 Kf7 29. Bc2 Qg7 30. Ne1 Qh6 31. Nd3 Qh4 32. f3 Nd6 
33. Bb3 Ke8 34. Qe1 Qxe1+ 35. Nxe1 Nc4 36. Bc1 h6 37. Nd3 Bd6 38. g4 Nf6 
39. Nc3 Kd8 40. Kf2 Nd7 41. Ke2 Nf6 42. Nf2 Na3 43. Ncd1 Ke7 44. Nb2 Ke8 
45. Nfd3 Nd7 46. Nd1 Ke7 47. N1f2 Nc4 48. f4 Bc7 49. Ne5 fxg4 50. hxg4 Nf6 
51. Nxc4 dxc4 52. Bxc4 gxf4 53. exf4 h5 54. g5 Nd5 55. Nd3 Nc3+ 56. Kf2 h4 
57. Ne5 Bxe5 58. dxe5 Be4 59. Kg1 Nxa4 60. Kh2 Bf5 61. Be3 Nb2 62. Be2 Nd3 
63. Bxb6 a4 64. Bd4 Nxf4 65. b6 Be4 66. Bc5+ Kf7 67. Ba6 Kg6 68. b7 Bxb7 
69. Bxb7 Kxg5 70. Be4 Ng6 71. Bxg6 Kxg6 72. Kh3 Kf5 73. Bd4 Kg5 74. Bb2 Kh5 
75. Bc1 Kg6 76. Kxh4 Kf5 77. Bb2 a3 78. Bc3 Kg6 79. Kg4 Kh6 80. Kf4 Kg6 
81. Ke4 Kf7 82. Kd4 Ke7 83. Kc5 Kd7 84. Kb6 a2 85. Ba1 Kd8 86. Kc6 Ke7 
87. Kc7 Ke8 88. Kd6 Kf7 89. Kd7 Kg6 90. Kd6 Kf5 91. Ke7 Ke4 92. Kxe6 Kd3 
93. Kd5 Kc2 94. Bd4 Kd2 95. e6 a1=Q 96. Bxa1 Kd1 97. e7 Ke1 98. e8=Q+ Kf1 
99. Qe3 Kg2 100. Be5 Kf1 101. Qf3+ Kg1 102. Qe2 Kh1 103. Qf1# 1-0

[Event "Wednesday Jan 17th Engine Tour 9Rd Swiss 12m+1s Starts at 1600hrs ST"]
[Site "Infinity Chess"]
[Date "2018.1.17"]
[Round "5"]
[White "Vimtiroba"]
[Black "MarioDeMonti"]
[Result "1/2-1/2"]
[ECO "C50"]
[WhiteElo "2506"]
[BlackElo "2450"]
[WhiteEngine "SF@Infinity T1_CTG"]
[BlackEngine "stockfish_x64_bmi2_2018_01_13_CTG"]
[EventType "Swiss"]
[WhiteTeam ""]
[BlackTeam ""]
[PlyCount "78"]
[TimeControl "720+1"]

1. e4 e5 2. Nf3 Nc6 3. Bc4 Bc5 4. O-O Nf6 5. d3 d6 6. c3 O-O 7. a4 a5 8. Bg5 h6 
9. Bh4 g5 10. Bg3 Kg7 11. Nbd2 Ba7 12. Re1 Ng8 13. Nf1 Nge7 14. Ne3 f5 
15. exf5 Nxf5 16. Nxf5+ Bxf5 17. Bd5 Bb6 18. Bxc6 bxc6 19. d4 exd4 20. Nxd4 Bd7 
21. Ne6+ Bxe6 22. Rxe6 Re8 23. Rxe8 Qxe8 24. h4 gxh4 25. Qg4+ Qg6 26. Qxh4 Re8 
27. Qh3 Qf7 28. Qg4+ Kh7 29. Kh2 h5 30. Qg5 Qg6 31. Qd2 Qh6 32. f4 Re4 
33. Re1 h4 34. Rxe4 hxg3+ 35. Kxg3 Qg6+ 36. Kf3 Qh5+ 37. Kg3 Qg6+ 38. Kf3 Qh5+ 
39. Kg3 Qg6+ 1/2-1/2

[Event "Wednesday Jan 17th Engine Tour 9Rd Swiss 12m+1s Starts at 1600hrs ST"]
[Site "Infinity Chess"]
[Date "2018.1.17"]
[Round "4"]
[White "star99"]
[Black "Satria_Ungu"]
[Result "1/2-1/2"]
[ECO "A40"]
[WhiteElo "2405"]
[BlackElo "2361"]
[WhiteEngine "Cryptic AIL V1"]
[BlackEngine "Houdini 6_CTG"]
[EventType "Swiss"]
[WhiteTeam ""]
[BlackTeam ""]
[PlyCount "86"]
[TimeControl "720+1"]

1. d4 c6 2. e4 d5 3. exd5 cxd5 4. Bd3 Nc6 5. c3 Qc7 6. h3 e5 7. dxe5 Nxe5 
8. Bc2 Nf6 9. Nf3 Nxf3+ 10. Qxf3 Bc5 11. O-O O-O 12. a4 Bd7 13. Bg5 Ne4 
14. Bf4 Qc6 15. Nd2 Bf5 16. Nb3 Bg6 17. Be3 Bxe3 18. Qxe3 Rfe8 19. Nd4 Qd7 
20. a5 Nc5 21. Qd2 Bxc2 22. Qxc2 g6 23. Rfe1 Rad8 24. f3 Qd6 25. Qd2 b6 
26. Kh1 bxa5 27. Rxa5 Rxe1+ 28. Qxe1 Nd3 29. Qd2 Qc7 30. Ra1 Nf4 31. Qe3 Nh5 
32. b4 Ng7 33. Ra5 Re8 34. Qd2 Nh5 35. Rxd5 h6 36. Kg1 Nf4 37. Ra5 Nxh3+ 
38. gxh3 Qg3+ 39. Kf1 Qxh3+ 40. Kg1 Qg3+ 41. Kf1 Qh3+ 42. Kg1 Qg3+ 43. Kf1 Qh3+ 
1/2-1/2

[Event "Wednesday Jan 17th Engine Tour 9Rd Swiss 12m+1s Starts at 1600hrs ST"]
[Site "Infinity Chess"]
[Date "2018.1.17"]
[Round "4"]
[White "angriff"]
[Black "ivrdurant"]
[Result "1/2-1/2"]
[ECO "C65"]
[WhiteElo "2490"]
[BlackElo "2394"]
[WhiteEngine "Raubfisch ME262_GTZ16b2_CTG"]
[BlackEngine "Raubfisch X37b3._CTG"]
[EventType "Swiss"]
[WhiteTeam ""]
[BlackTeam ""]
[PlyCount "146"]
[TimeControl "720+1"]

1. e4 e5 2. Nf3 Nc6 3. Bb5 Nf6 4. O-O Nxe4 5. Re1 Nd6 6. Nxe5 Be7 7. Bf1 Nxe5 
8. Rxe5 O-O 9. d4 Bf6 10. Re1 Re8 11. Bf4 Rxe1 12. Qxe1 Ne8 13. c3 d5 14. Qe3 g6 
15. Nd2 c6 16. Re1 Ng7 17. h3 Qb6 18. Nb3 Be6 19. Re2 Rf8 20. Nc5 Bc8 
21. Bh6 Qd8 22. Qf4 b6 23. Nd3 Ba6 24. Re1 Bxd3 25. Bxd3 Ne6 26. Qg4 Bg7 
27. Bc1 c5 28. dxc5 bxc5 29. Bf1 Qb6 30. Rd1 Nc7 31. Bf4 Ne6 32. Bc1 Nc7 
33. Qf3 Re8 34. h4 h5 35. g3 Re6 36. b3 Qa5 37. Bh3 Rf6 38. Qe2 Qxc3 39. Bb2 Qf3 
40. Qxf3 Rxf3 41. Kg2 Rxf2+ 42. Kxf2 Bxb2 43. Bg2 d4 44. Ke2 Kf8 45. Kd3 Ke7 
46. Rd2 Ba3 47. Rf2 Nb5 48. Bf3 f5 49. Re2+ Kd7 50. Bd5 Nc3 51. Be6+ Ke7 
52. Re1 Kf6 53. Bc4 Ne4 54. Bd5 Nf2+ 55. Kc4 f4 56. gxf4 d3 57. Bf3 d2 
58. Re8 Bb4 59. Rd8 Kf5 60. a3 Ba5 61. Rd7 Kxf4 62. Be2 Ke3 63. Re7+ Kf4 
64. Rxa7 Bd8 65. Rd7 Ke3 66. Bxh5 Bxh4 67. Bxg6 d1=Q 68. Rxd1 Nxd1 69. Kxc5 Be7+ 
70. Kc6 Bxa3 71. Kd5 Kd2 72. Kc6 Kc3 73. Bh5 Nf2 1/2-1/2

[Event "Wednesday Jan 17th Engine Tour 9Rd Swiss 12m+1s Starts at 1600hrs ST"]
[Site "Infinity Chess"]
[Date "2018.1.17"]
[Round "4"]
[White "avilllaa"]
[Black "ocirema"]
[Result "1/2-1/2"]
[ECO "E40"]
[WhiteElo "2456"]
[BlackElo "2419"]
[WhiteEngine "Cryptic AIL V1"]
[BlackEngine "stockfish_18011309_x64_modern_CTG"]
[EventType "Swiss"]
[WhiteTeam ""]
[BlackTeam ""]
[PlyCount "89"]
[TimeControl "720+1"]

1. d4 Nf6 2. c4 e6 3. Nc3 Bb4 4. e3 O-O 5. Bd3 d5 6. Nf3 dxc4 7. Bxc4 c5 
8. O-O cxd4 9. exd4 b6 10. Qe2 Bb7 11. Rd1 Bxc3 12. bxc3 Qc7 13. Bd3 Qxc3 
14. Bb2 Qc7 15. Rac1 Qe7 16. Ne5 h6 17. Qe3 Nd5 18. Qg3 Rd8 19. Ba3 Qg5 
20. Qf3 Qf6 21. Qe4 Qf5 22. Qxf5 exf5 23. Bxf5 b5 24. Re1 b4 25. Bb2 a5 
26. Rc5 a4 27. a3 b3 28. g3 Na6 29. Rb5 Bc8 30. Be4 Nac7 31. Rc5 Be6 32. f3 Na6 
33. Ra5 Nac7 34. Rc5 f6 35. Nc6 Rd7 36. Kf2 Kf7 37. h4 Kf8 38. Rec1 Bf7 
39. Nb4 Ra7 40. Nxd5 Bxd5 41. Bf5 Be6 42. Bd3 Bd5 43. Bf5 Be6 44. Bd3 Bd5 
45. Bf5 1/2-1/2

[Event "Wednesday Jan 17th Engine Tour 9Rd Swiss 12m+1s Starts at 1600hrs ST"]
[Site "Infinity Chess"]
[Date "2018.1.17"]
[Round "4"]
[White "MarioDeMonti"]
[Black "OlivierEvan"]
[Result "1-0"]
[ECO "C11"]
[WhiteElo "2434"]
[BlackElo "2423"]
[WhiteEngine "stockfish_x64_bmi2_2018_01_13_CTG"]
[BlackEngine "Houdini 6"]
[EventType "Swiss"]
[WhiteTeam ""]
[BlackTeam ""]
[PlyCount "221"]
[TimeControl "720+1"]

1. e4 e6 2. d4 d5 3. Nc3 Nf6 4. e5 Nfd7 5. f4 g6 6. Nf3 c5 7. Be3 Nc6 8. Be2 a6 
9. Qd2 b5 10. Nd1 c4 11. g4 Nb6 12. h4 h5 13. gxh5 gxh5 14. c3 f5 15. Ng5 Qd7 
16. Bf2 Kd8 17. Ne3 Kc7 18. Nf1 Qe8 19. Qd1 Bd7 20. Ng3 Be7 21. Rb1 Na5 
22. Bxh5 Qf8 23. Nf1 Kb7 24. Ne3 Rc8 25. Rg1 Qh6 26. Be2 Be8 27. Kf1 Rc7 
28. Rg2 Ka8 29. Bf3 Bd8 30. Be1 Kb8 31. Rc1 Rg7 32. Kg1 Rgg8 33. Bg3 Rg6 
34. Rcc2 Rgg8 35. b3 Rg6 36. Rh2 Qf8 37. Rcg2 Bd7 38. Bf2 Rgh6 39. h5 Rg8 
40. Be1 Ka7 41. Nh3 Rgh8 42. Ng5 Rg8 43. Qc2 Nc6 44. Bh4 Rgh8 45. Bf2 Na5 
46. Qd1 Be7 47. Kf1 Qe8 48. Rh3 Qf8 49. Rg1 Nc6 50. Rhg3 Nd8 51. bxc4 Nxc4 
52. Nxc4 bxc4 53. Qc2 Be8 54. Nxe6 Nxe6 55. Bxd5 Nxf4 56. Bxc4 Rb6 57. d5 Bc5 
58. d6 Bxf2 59. Qxf2 Nxh5 60. Rg8 Qh6 61. Rxh8 Qxh8 62. Qd4 Qh7 63. Kf2 Ng7 
64. d7 Bxd7 65. Qxd7+ Rb7 66. Qd4+ Kb8 67. Qd6+ Ka7 68. Qxa6+ Kb8 69. Qd6+ Ka7 
70. Qd4+ Kb8 71. Bb3 Kc8 72. Qf4 Qh3 73. e6 Qd3 74. Rd1 Qb5 75. Qd6 Qb6+ 
76. Qxb6 Rxb6 77. e7 Kc7 78. Rd8 Rb7 79. Rg8 Ne8 80. Rxe8 Kd6 81. Ba4 Rb2+ 
82. Kf3 Rxa2 83. Bb5 Ra3 84. Rc8 Kxe7 85. Kf4 Ke6 86. Rc6+ Kd5 87. Kxf5 Ra8 
88. c4+ Kd4 89. Rd6+ Kc5 90. Ke5 Rh8 91. Rc6+ Kb4 92. Ba6 Rh5+ 93. Kd6 Rh4 
94. c5 Kc3 95. Kc7 Kd4 96. Kb6 Rh8 97. Rd6+ Ke5 98. Rd7 Rb8+ 99. Bb7 Rf8 
100. c6 Ke6 101. Ba6 Rb8+ 102. Kc5 Re8 103. Rd6+ Kf7 104. c7 Re5+ 105. Kd4 Rh5 
106. c8=Q Rh4+ 107. Kc5 Rh5+ 108. Kb6 Rb5+ 109. Bxb5 Ke7 110. Qc7+ Kf8 111. Rd8# 
1-0